 Dungeon Crawl Stone Soup version 0.31-a0-1576-ga3383bade6 (webtiles) character file.

Game seed: 15277501577742614971

184 Laraso the Cudgeller (level 5, 0/42 HPs)
             Began as an Armataur Delver on Jan 5, 2024.
             Was an Initiate of Ru.
             Killed by nerve-wracking pain
             ... invoked by Grinder
              (7 damage)
             ... on level 3 of the Dungeon.
             The game lasted 00:05:14 (2510 turns).

Laraso the Cudgeller (Armataur Delver)              Turns: 2510, Time: 00:05:14

Health: 0/42       AC: 13    Str: 27    XL:     5   Next: 36%
Magic:  5/5        EV:  9    Int: 14    God:    Ru [......]
Gold:   157        SH:  0    Dex: 13    Spells: 4/4 levels left

rFire   . . .        a - +0 mace
rCold   + . .        (no shield)
rNeg    . . .        i - +5 ring mail "Oveef" {Rampage rF- Str+3 Dex+2}
rPois   +            (no helmet)
rElec   +            t - +0 cloak
rCorr   +            l - +1 pair of gloves
SInv    +            (no barding)
Will    .....        (no amulet) Stlth
                     s - +6 ring of strength
HPRegen 0.27/turn    (no ring)
MPRegen 0.09/turn

%: roll
@: brilliant, resistant
A: large, deformed body, tough skin 3, no stealth, armoured tail, roll 1, see
invisible, clever 1
a: Renounce Religion


You were on level 3 of the Dungeon.
You worshipped Ru.
Ru was noncommittal.
You visited 1 branch of the dungeon, and saw 5 of its levels.

You collected 157 gold pieces.

Inventory:

Hand Weapons
 a - a +0 mace (weapon)
Armour
 i - the +5 ring mail "Oveef" (worn) {Rampage rF- Str+3 Dex+2}
   (You found it on level 3 of the Dungeon)

   Str+3:     It affects your strength (+3).
   Dex+2:     It affects your dexterity (+2).
   rF-:       It makes you vulnerable to fire.
   Rampage:   It bestows one free step when moving towards enemies.
 l - a +1 pair of gloves (worn)
 t - a +0 cloak (worn)
 x - a +0 plate armour
Jewellery
 s - a +6 ring of strength (left hand)
Wands
 g - a wand of digging (3)
 j - a wand of charming (12)
 u - a wand of quicksilver (7)
Scrolls
 c - a scroll of fog
 d - a scroll of revelation
 e - a scroll of fear
 h - 2 scrolls of identify {unknown}
 k - a scroll of noise {unknown}
 p - a scroll of brand weapon {unknown}
 q - a scroll of enchant armour {unknown}
 w - a scroll of teleportation {unknown}
 y - a scroll of vulnerability {unknown}
 z - a scroll of butterflies {unknown}
 A - a scroll of blinking {unknown}
Potions
 b - a potion of cancellation
 f - 2 potions of haste


   Skills:
 - Level 2.6 Fighting
 * Level 5.2 Maces & Flails
 - Level 1.3 Dodging


You had 4 spell levels left.
You didn't know any spells.
Your spell library was empty.

Dungeon Overview and Level Annotations

Branches:
Dungeon (5/15)
 Temple: D:4-7

Altars:
Ru

Shops:
D:1 :

Annotations:
D:3 Grinder


Innate Abilities, Weirdness & Mutations

Armour fits poorly on your strangely shaped body.
You have extremely tough skin. (AC +3)
You cannot be stealthy.
You have a long armoured tail.
You regenerate magic when rolling toward enemies. (Rampage MPRegen)
You have supernaturally acute eyesight. (SInv)
Your mind is acute. (Int +4, Str/Dex -1)


Message History

Grinder is severely wounded.
Grinder hits you but does no damage.
You barely miss Grinder.
Grinder is severely wounded.
Grinder gestures at you. Pain shoots through your body!
You completely miss Grinder.
Your tail-slap misses Grinder.
Grinder is severely wounded.
Grinder hits you.
* * * LOW HITPOINT WARNING * * *
You writhe in agony.
* * * LOW HITPOINT WARNING * * *
Unknown command.
It was a potion of resistance.
You feel protected. Grinder barely misses you.
It was a potion of curing.
You feel better. Grinder gestures at you. You resist with significant effort.
You completely miss Grinder. You tail-slap Grinder!
Grinder is almost dead.
Grinder hits you but does no damage.
You closely miss Grinder.
Grinder is almost dead.
Grinder says, "You look like you could use a good racking."
Grinder completely misses you.
You hit Grinder but do no damage.
You tail-slap Grinder, but do no damage.
Grinder is almost dead.
Grinder gestures at you. You resist with significant effort. Grinder hits you.
* * * LOW HITPOINT WARNING * * *
You writhe in agony.
* * * LOW HITPOINT WARNING * * *
You hit Grinder.
Grinder is almost dead.
Grinder gestures at you. Pain shoots through your body!
You die...
Grinder says, "Hey, I wasn't done torturing you yet!"

..<..####### .# ..######
.# .......# ####.### §
######.#####.>....# .≈
..............>...## §..
.....#.#...........#..
⌠.8..#.#.###........###
....##.#.#####'##.....##
_.⌠......##.....@.......
....##.####......5....##
⌠.8.##.#.##..........##
.....................#
#...##...#####...$...#
##.#.....# ........#
...#.....# .........#
##.....#.# ###.......#
#.##.##.#.###.


You could see Grinder.

Vanquished Creatures
  Jessica (D:3)
  Terence (D:3)
  7 adders
  4 ribbon worms (D:2)
  3 dart slugs
  4 endoplasms
  5 giant cockroaches
  2 goblins
  5 hobgoblins
  3 jackals
  3 kobolds
  4 quokkas
  4 ball pythons
  4 bats
  A frilled lizard (D:1)
  4 rats
55 creatures vanquished.

Notes
Turn   | Place    | Note
-------+----------+-------------------------------------------
     0 | D:5      | Laraso the Armataur Delver began the quest for the Orb.
     0 | D:5      | Reached XP level 1. HP: 18/18 MP: 1/1
    60 | D:4      | Found a sacrificial altar of Ru.
    63 | D:4      | Reached skill level 2 in Maces & Flails
    81 | D:4      | Became a worshipper of Ru the Awakened
    94 | D:4      | Reached XP level 2. HP: 15/25 MP: 2/2
   241 | D:3      | Identified the +5 ring mail "Oveef" {Rampage rF- Str+3
                  | Dex+2}
   272 | D:2      | Reached skill level 3 in Maces & Flails
   369 | D:1      | Reached XP level 3. HP: 30/30 MP: 3/3
   543 | D:1      | Found Lavidogo's Book Emporium.
  1097 | D:2      | Gained mutation: You cannot be stealthy. [Ru sacrifice]
  1180 | D:2      | Reached XP level 4. HP: 37/37 MP: 4/4
  1205 | D:2      | Reached skill level 4 in Maces & Flails
  1926 | D:2      | Identified the +8 hand axe "Zelozxu" {freeze, Str+2}
  1996 | D:3      | Found a faded altar of an unknown god.
  2072 | D:3      | Noticed Terence
  2079 | D:3      | Killed Terence
  2080 | D:3      | Reached XP level 5. HP: 35/42 MP: 5/5
  2129 | D:3      | Noticed Jessica
  2424 | D:3      | Killed Jessica
  2425 | D:3      | Reached skill level 5 in Maces & Flails
  2484 | D:3      | Noticed Grinder
  2490 | D:3      | Gained mutation: Your mind is acute. (Int +4, Str/Dex -1)
                  | [potion of mutation]
  2490 | D:3      | Gained mutation: You have supernaturally acute eyesight.
                  | (SInv) [potion of mutation]
  2510 | D:3      | Killed from afar by Grinder

Illustrated notes

Levels and vault maps discovered:
D:1:      co_arrival_square_in_a_square_in_a_square, layout_basic, serial_shops,
          nicolae_shop_trees
D:2:      minmay_chambers_of_twos, layout_loops_corners,
          kennysheep_decorative_pillar, minmay_pentomino_s2
D:3:      layout_basic, mainiacjoe_overflow_paths,
          hellmonk_ecumenical_altar_dog_temple, kennysheep_donut,
          serial_bayou_pond_e, roderic_serpentine_path, uniq_grinder,
          uniq_terence, uniq_jessica
D:4:      minmay_clustersquares, layout_basic, kennysheep_slug_shrine,
          nicolae_ru_sacrificial_ziggurat, nicolae_ossuary_entry_giza
D:5:      layout_basic, zin_angel, minmay_temple_entry_grid,
          portal_sewer_entry_b, uniq_sigmund

Skill      XL: |  1  2  3  4  5 |
---------------+----------------+-----
Maces & Flails | 2 3 4 5 |  5.2
Stealth        | 0 |  0.0
Fighting       | |  2.6
Dodging        | |  1.3

Action                     |  1- 3 |  4- 6 || total
---------------------------+-------+-------++-------
  Melee: Mace              |    80 |    92 ||   172
         Tailslap          |     6 |     9 ||    15
         Punch             |     1 |     1 ||     2
 Invoke: Sacrifice Stealth |     1 |       ||     1
    Use: Potion            |       |     6 ||     6
   Stab: Sleeping          |     7 |       ||     7
 Armour: Leather armour    |    20 |       ||    20
         Ring mail         |    37 |    84 ||   121
  Dodge: Dodged            |    46 |    51 ||    97

Table legend: (Time is in decaauts)
 A = Elapsed time spent in this place.
 B = Non-inter-level travel time spent in this place.
 C = Inter-level travel time spent in this place.
 D = Time resting spent in this place.
 E = Time spent auto-exploring this place.
 F = Levels seen in this place.
 G = Mean time per level.
                   A        B        C        D        E       F      G
               +--------+--------+--------+--------+--------+-----+--------+
         Total |   2544 |   2331 |    213 |    234 |   1388 |   5 |  508.8 |
       Dungeon |   2544 |   2331 |    213 |    234 |   1388 |   5 |  508.8 |
               +--------+--------+--------+--------+--------+-----+--------+

Top non-repeatable levels by time:
     D:2: 1315 daAuts
     D:1: 552 daAuts
     D:3: 470 daAuts
     D:4: 199 daAuts
     D:5: 6 daAuts
